cohdb
Replays
Latest Replays
All Replays
Popular Replays
Top Player Replays
Match Explorer
How It Works
Community
CoH3 Stats
Reddit
Sign in to upload your games and track your stats! →
Sign in with Steam
Match 45495588
Unlisted
Match 45495588
Overview
Messages
Build Orders
End
Construct Infanterie Kompanie
Selects Terror Battlegroup
Selects Machine Gun Camouflage
MG 42 Machine Gun Team
MG 42 Machine Gun Team
Grenadier Squad
Grenadier Squad
Grenadier Squad
Construct Panzergrenadier Kompanie
Infanterie Officer Quarters
Medical Station
Pioneer Squad
Support Elements
StuG III G Assault Gun
Selects Contempt for the Weak
Medical Bunker
MG 42 Bunker
Selects Jericho Trumpet
StuG III G Assault Gun
Panzergrenadier Officer Quarters
Nebelwerfer 42 Rocket Launcher Team
Selects Defend the Fatherland
Defend the Fatherland
Jericho Trumpet
Construct Panzer Kompanie
Selects V1 Rocket Strike
V1 Rocket Strike
Sturmpanzer IV Brummbär
V1 Rocket Strike
Panzer IV Medium Tank
Stoßtruppen Squad
Stoßtruppen Squad
lis0517
科比回来了
Mawang
gmltkd0423
RitraXP
Serier13
Do_a_Flip
Torpedro
0
0
Comments
sign in to comment!
No comments posted yet!